 Dungeon Crawl Stone Soup version 0.32-a0-886-g41c5271027 (webtiles) character file.

Game seed: 5064545906531818837

304 Chadd the Chucker (level 6, -5/47 HPs)
             Began as a Coglin Gladiator on Apr 3, 2024.
             Slain by Prince Ribbit (8 damage)
             ... on level 5 of the Dungeon.
             The game lasted 00:05:25 (2924 turns).

Chadd the Chucker (Coglin Gladiator)                Turns: 2924, Time: 00:05:25

Health: -5/47      AC: 11    Str: 17    XL:     6   Next: 38%
Magic:  6/6        EV:  4    Int:  7    God:
Gold:   226        SH:  0    Dex: 15    Spells: 5/5 levels left

rFire   . . .        f - +0 spear {Londisizwe}
rCold   . . .        m - +0 spear {Eiko}
rNeg    . . .        k - +0 plate armour
rPois   .            c - +0 helmet
rElec   .            (no cloak)
rCorr   .            (no gloves)
SInv    .            (no boots)
Will    .....        (amulet unavailable) Stlth
                     (ring unavailable)
HPRegen 0.27/turn    (ring unavailable)
MPRegen 0.10/turn    (no gizmo)

%: no passive effects
@: attractive
A: off-hand wielding, slow wielding, warmup strikes, no jewellery
a: Invent Gizmo


You were on level 5 of the Dungeon.
You visited 1 branch of the dungeon, and saw 5 of its levels.

You collected 226 gold pieces.

Inventory:

Hand Weapons
 f - a +0 spear (weapon) {Londisizwe}
 m - a +0 spear (offhand) {Eiko}
Missiles
 d - a throwing net (quivered)
 e - a javelin
 s - 3 poisoned darts
Armour
 b - a +0 leather armour
 c - a +0 helmet (worn)
 k - a +0 plate armour (worn)
Scrolls
 a - a scroll of amnesia {unknown}
 g - 3 scrolls of identify {unknown}
 j - a scroll of brand weapon {unknown}
 n - a scroll of poison {unknown}
 o - a scroll of teleportation {unknown}
 p - a scroll of fog {unknown}
 q - a scroll of revelation {unknown}
Potions
 h - a potion of attraction
 i - 2 potions of heal wounds {unknown}
 l - 2 potions of curing {unknown}
 r - a potion of ambrosia {unknown}
 t - a potion of cancellation {unknown}


   Skills:
 + Level 3.4 Fighting
 - Level 3.2(3.6) Axes
 + Level 2.0(2.8) Polearms
 * Level 3.8 Throwing
 + Level 3.6 Dodging


You had 5 spell levels left.
You didn't know any spells.
Your spell library contained the following spells:

 Spells                   Type           Power      Damage    Failure   Level
 Ensorcelled Hibernation  Hex/Ice        0%         N/A       100%        2
 Lesser Beckoning         Tloc           0%         N/A       100%        2
 Frozen Ramparts          Ice            0%         1d1       100%        3
 Fugue of the Fallen      Necr           0%         N/A       100%        3
 Maxwell's Portable Pile  Tloc           0%         2d(5-13)  100%        3
 Ozocubu's Armour         Ice            0%         N/A       100%        3
 Teleport Other           Tloc           0%         N/A       100%        3
 Anguish                  Hex/Necr       0%         N/A       100%        4
 Arcjolt                  Conj/Air       0%         1d10      100%        5
 Metabolic Englaciation   Hex/Ice        0%         N/A       100%        5
 Maxwell's Capacitive Co  Air            0%         ∞         100%        8


Dungeon Overview and Level Annotations

Branches:
Dungeon (5/15)
 Temple: D:4-7

Altars:
Makhleb
Vehumet
Yredelemnul

Shops:
D:3 *

Annotations:
D:5 Prince Ribbit


Innate Abilities, Weirdness & Mutations

You can wield a second weapon in your off-hand.
It takes a long time for you to wield or remove held weapons.
Your first few attacks do less damage.
You cannot equip rings or amulets.


Message History

Found a ring mail.
Prince Ribbit gives a loud, deep croak!
An iguana comes into view.
An orc comes into view. It is wielding a +2 flail of draining.
The orc shouts!
You hear an angry hiss.
Prince Ribbit blinks!
Prince Ribbit lets out a mournful croak.
Prince Ribbit attacks as he pursues you!
Prince Ribbit hits you.
Prince Ribbit attacks as he pursues you!
Prince Ribbit hits you. Prince Ribbit hits you!
Throw: 3 throwing nets
Press: ? - help, Q - select action, (/) - cycle Shift-Dir - straight line, f - Prince Ribbit
Aim: Prince Ribbit (34% to hit)
You throw a throwing net. The throwing net misses Prince Ribbit.
Prince Ribbit blinks!
Unknown command.
Throw: 2 throwing nets
Press: ? - help, Q - select action, (/) - cycle Shift-Dir - straight line, f/p - Prince Ribbit
Aim: Prince Ribbit (34% to hit)
You throw a throwing net.
The throwing net barely misses Prince Ribbit.
Prince Ribbit hits you.
Throw: throwing net
Press: ? - help, Q - select action, (/) - cycle Shift-Dir - straight line, f/p - Prince Ribbit
Aim: Prince Ribbit (34% to hit)
You throw a throwing net. The throwing net misses Prince Ribbit.
Prince Ribbit hits you.
Unknown command.
Prince Ribbit attacks as he pursues you!
Prince Ribbit hits you.
You see here a throwing net.
d - a throwing net Prince Ribbit hits you.
The orc completely misses you. Prince Ribbit hits you!
* * * LOW HITPOINT WARNING * * *
It was a potion of attraction.
You feel attractive to monsters. The orc barely misses you.
Prince Ribbit hits you!
You die...

#.#... .#... ####
.... ..# .[.
####.#### ..
#.......# #.
#.##o##.#
##.##.##@##.#
#.....##.F..#
.§l.o.....####..#
.#.............(#
#........####.##
####.....# #.#
####### #.#
#.#### #....#


You could see Prince Ribbit and an orc.

Vanquished Creatures
  A scorpion (D:4)
  An orc priest (D:3)
  2 orc wizards (D:3)
  8 adders
  A dart slug (D:3)
  14 orcs (D:3)
  5 ball pythons
  3 bats
  8 endoplasms
  3 giant cockroaches
  9 goblins
  5 hobgoblins
  5 kobolds
  6 quokkas
  3 frilled lizards
  A rat (D:1)
75 creatures vanquished.

Notes
Turn   | Place    | Note
-------+----------+-------------------------------------------
     0 | D:1      | Chadd the Coglin Gladiator began the quest for the Orb.
     0 | D:1      | Reached XP level 1. HP: 16/16 MP: 1/1
    48 | D:1      | Reached XP level 2. HP: 17/22 MP: 2/2
   226 | D:1      | Reached XP level 3. HP: 26/28 MP: 3/3
  1287 | D:3      | Reached XP level 4. HP: 29/34 MP: 4/4
  1411 | D:3      | Reached skill level 1 in Polearms
  1523 | D:3      | Reached XP level 5. HP: 37/40 MP: 5/5
  1768 | D:3      | Found Adannol's Assorted Antiques.
  2021 | D:3      | Found a faded altar of an unknown god.
  2223 | D:4      | Reached XP level 6. HP: 42/47 MP: 6/6
  2605 | D:4      | Found a burning altar of Makhleb.
  2605 | D:4      | Found a radiant altar of Vehumet.
  2606 | D:4      | Found a basalt altar of Yredelemnul.
  2880 | D:5      | Entered Level 5 of the Dungeon
  2910 | D:5      | Noticed Prince Ribbit
  2924 | D:5      | Slain by Prince Ribbit

Illustrated notes

Levels and vault maps discovered:
D:1:      minmay_arrival_checkered_box, layout_basic
D:2:      layout_basic
D:3:      layout_basic, shapermc_ecumenical_altar_mp_vishouse, serial_shops,
          shop
D:4:      layout_loops_ring, gammafunk_temple_overflow_claw
D:5:      layout_loops_cross, dancing_weapons_uskayaw, uniq_prince_ribbit1

Skill      XL: |  1  2  3  4  5  6 |
---------------+-------------------+-----
Throwing       | 2 3 |  3.8
Dodging        | 3 |  3.6
Polearms       | 1 2 |  2.0
Fighting       | 3 |  3.4
Axes           | |  3.2

Action                     |  1- 3 |  4- 6 || total
---------------------------+-------+-------++-------
  Melee: War axe           |    35 |       ||    35
         Dagger            |    26 |       ||    26
         Spear             |    44 |   276 ||   320
  Throw: Throwing net      |       |     3 ||     3
    Use: Potion            |       |     1 ||     1
 Armour: Leather armour    |    14 |       ||    14
         Plate armour      |    11 |   142 ||   153
  Dodge: Dodged            |    21 |    31 ||    52

Table legend: (Time is in decaauts)
 A = Elapsed time spent in this place.
 B = Non-inter-level travel time spent in this place.
 C = Inter-level travel time spent in this place.
 D = Time resting spent in this place.
 E = Time spent auto-exploring this place.
 F = Levels seen in this place.
 G = Mean time per level.
                   A        B        C        D        E       F      G
               +--------+--------+--------+--------+--------+-----+--------+
         Total |   2926 |   2639 |    287 |    236 |   1947 |   5 |  585.2 |
       Dungeon |   2926 |   2639 |    287 |    236 |   1947 |   5 |  585.2 |
               +--------+--------+--------+--------+--------+-----+--------+

Top non-repeatable levels by time:
     D:3: 817 daAuts
     D:4: 798 daAuts
     D:2: 666 daAuts
     D:1: 600 daAuts
     D:5: 43 daAuts
